 Dungeon Crawl Stone Soup version 0.30-a0-760-g5a9884bb7c (webtiles) character file.

Game seed: 8122124418659157518

50 kingofthe the Sneak (level 3, 0/21 HPs)
             Began as an Octopode Fire Elementalist on Feb 11, 2023.
             Slain by a jackal (2 damage)
             ... on level 2 of the Dungeon on Feb 12, 2023.
             The game lasted 00:05:23 (1536 turns).

kingofthe the Sneak (Octopode Fire Elementalist)    Turns: 1536, Time: 00:05:24

Health: 0/21       AC:  1    Str:  7    XL:     3   Next: 79%
Magic:  0/6        EV: 13    Int: 17    God:
Gold:   48         SH:  0    Dex: 14    Spells: 1/6 levels left

rFire   . . .      SeeInvis .    (no weapon)
rCold   . . .      Faith    .    (no shield)
rNeg    . . .      Spirit   .    (helmet restricted)
rPois   .          Reflect  .    (no amulet)
rElec   .          Harm     .    (no ring)
rCorr   .          Rampage  .    (no ring)
Will    .....                    (no ring)
Stlth   +++                      (no ring)
HPRegen 0.23/turn                (no ring)
MPRegen 0.10/turn                (no ring)
                                 (no ring)
                                 (no ring)

@: very slightly contaminated
A: almost no armour, amphibious, 8 rings, camouflage 1, gelatinous body 1,
(nimble swimmer 1), tentacles
a: no special abilities


You were on level 2 of the Dungeon.
You visited 1 branch of the dungeon, and saw 2 of its levels.

You collected 48 gold pieces.

Inventory:

Scrolls
 b - a scroll of magic mapping {unknown}
 c - a scroll of noise {unknown}
 e - a scroll of fear {unknown}
Potions
 a - a potion of magic
 d - 2 potions of flight {unknown}
 f - a potion of resistance {unknown}


   Skills:
 + Level 2.4 Dodging
 + Level 3.4 Stealth
 + Level 2.3 Spellcasting
 + Level 1.7 Conjurations
 + Level 3.3 Fire Magic
 + Level 0.2 Air Magic


You had one spell level left.
You knew the following spells:

 Your Spells              Type           Power      Damage    Failure   Level
a - Foxfire               Conj/Fire      40%        2x1d6     7%          1
b - Scorch                Fire           26%        2d6       7%          2
c - Poisonous Vapours     Pois/Air       4%         N/A       26%         2

Your spell library contained the following spells:

 Spells                   Type           Power      Damage    Failure   Level
 Sting                    Tmut/Pois      8%         1d3       19%         1
 Inner Flame              Hex/Fire       7%         N/A       28%         3
 Kindle Blastsparks       Fire/Tloc/Air  12%        2d11      34%         3
 Flame Wave               Conj/Fire      10%        2d6       54%         4
 Olgreb's Toxic Radiance  Pois           2%         N/A       88%         4


Dungeon Overview and Level Annotations

Branches:
Dungeon (2/15)

Altars:
Vehumet


Innate Abilities, Weirdness & Mutations

You cannot wear most types of armour.
You are amphibious.
You can wear up to eight rings at the same time.
Your skin changes colour to match your surroundings (Stealth+).
Your rubbery body absorbs attacks. (AC +1, EV +1)
((You are camouflaged when in or above water. (Stealth+)))
You have tentacles for arms and can constrict up to eight enemies at once.


Message History

You constrict the jackal.
You kill the jackal!
The jackal bites you. The jackal barely misses you. The jackal bites you.
The jackal closely misses you. The jackal bites you.
Your magical contamination has completely faded away.
The jackal attacks as you move away! The jackal bites you.
* * * LOW HITPOINT WARNING * * *
Casting: Foxfire (safe; 7% risk of failure)
Confirm with . or Enter, or press ? or * to list all spells.
You miscast Scorch.
You are very lightly contaminated with residual magic.
Nothing appears to happen.
The jackal misses you.
You tentacle-slap the jackal but do no damage.
You grab the jackal.
The jackal is heavily wounded.
You constrict the jackal, but do no damage.
The jackal bites you.
* * * LOW HITPOINT WARNING * * *
The jackal closely misses you.
You release your grip on the jackal.
The jackal attacks as you move away! The jackal closely misses you.
The jackal attacks as you move away! The jackal bites you.
* * * LOW HITPOINT WARNING * * *
The jackal closely misses you.
You closely miss the jackal. Your grab misses the jackal.
The jackal is heavily wounded.
The jackal completely misses you.
You tentacle-slap the jackal but do no damage.
You grab the jackal. You squeeze the jackal.
You kill the jackal!
The jackal bites you.
* * * LOW HITPOINT WARNING * * *
You tentacle-slap the jackal but do no damage.
You grab the jackal. You constrict the jackal. The jackal barely misses you.
You tentacle-slap the jackal but do no damage.
The jackal is lightly wounded.
You constrict the jackal, but do no damage.
The jackal bites you.
You die...

.###.##...................
......#.#.................
##.# ...#.................
...# #.#..........#######
...#............#
#.#.#..........#
#...#..........#
#.#.#..........#
...#.h@.........# ..†#
#.#..........# ##.#
...#.##########
..^...#.#.# .###.##...#
... ..### #.# .## ## #


You could see a jackal.

Vanquished Creatures
  2 dart slugs (D:1)
  5 bats
  2 endoplasms (D:1)
  A giant cockroach (D:1)
  4 goblins
  3 hobgoblins (D:1)
  6 jackals
  5 kobolds
  5 quokkas
  3 ball pythons (D:1)
  2 frilled lizards (D:1)
  A rat (D:1)
39 creatures vanquished.

Vanquished Creatures (others)
  101 foxfires
101 creatures vanquished.

Grand Total: 140 creatures vanquished

Notes
Turn   | Place    | Note
-------+----------+-------------------------------------------
     0 | D:1      | kingofthe the Octopode Fire Elementalist began the quest
                  | for the Orb.
     0 | D:1      | Reached XP level 1. HP: 11/11 MP: 3/3
   214 | D:1      | Reached XP level 2. HP: 17/17 MP: 3/5
   308 | D:1      | Learned a level 2 spell: Scorch
   311 | D:1      | Learned a level 2 spell: Poisonous Vapours
   579 | D:1      | Reached XP level 3. HP: 20/21 MP: 2/6
  1140 | D:2      | Found a faded altar of an unknown god.
  1305 | D:2      | Found a radiant altar of Vehumet.
  1534 | D:2      | HP: 1/21 [jackal (3)]
  1536 | D:2      | Slain by a jackal

Illustrated notes

Levels and vault maps discovered:
D:1:      dpeg_arrival_windows_large_door, layout_loops_ring, st_stairs_3
D:2:      layout_basic, basic_altar, nicolae_ecumenical_pavilion,
          chequers_serial_rivers_small_3, grunt_decor_one_mirror,
          nicolae_concentric_dashed_squares_wild, minmay_pentomino_u2,
          uniq_natasha

Skill      XL: |  1  2 |
---------------+-------+-----
Stealth        | 3 |  3.4
Dodging        | |  2.4
Spellcasting   | |  2.3
Conjurations   | |  1.7
Fire Magic     | |  3.3
Air Magic      | |  0.2

Action                     || total
---------------------------++-------
  Melee: Unarmed           ||    13
         Constrict         ||     5
         Tentacles         ||     3
   Cast: Foxfire           ||    57
         Scorch            ||     5
 Armour: Skin              ||     6
  Dodge: Dodged            ||    30

Table legend: (Time is in decaauts)
 A = Elapsed time spent in this place.
 B = Non-inter-level travel time spent in this place.
 C = Inter-level travel time spent in this place.
 D = Time resting spent in this place.
 E = Time spent auto-exploring this place.
 F = Levels seen in this place.
 G = Mean time per level.
                   A        B        C        D        E       F      G
               +--------+--------+--------+--------+--------+-----+--------+
         Total |   1537 |   1455 |     82 |    101 |   1109 |   2 |  768.5 |
       Dungeon |   1537 |   1455 |     82 |    101 |   1109 |   2 |  768.5 |
               +--------+--------+--------+--------+--------+-----+--------+

Top non-repeatable levels by time:
     D:1: 1251 daAuts
     D:2: 286 daAuts
